 Dungeon Crawl Stone Soup version 0.25-a0-62-g88673ef095 (webtiles) character file.

Game seed: 11542591237048955244, levelgen mode: deterministic

1939 iamserjio the Fighter (level 9, 0/68 HPs)
             Began as an Octopode Chaos Knight on Oct 29, 2019.
             Was a Plaything of Xom.
             Slain by a killer bee (4 damage)
             ... on level 9 of the Dungeon.
             The game lasted 00:09:59 (8065 turns).

iamserjio the Fighter (Octopode Chaos Knight)       Turns: 8065, Time: 00:09:59

Health: 0/68       AC:  1    Str: 10    XL:     9   Next: 18%
Magic:  10/10      EV:  2    Int: 14    God:    Xom [....*.]
Gold:   333        SH:  0    Dex: -3 (14) Spells: 6/9 levels left

rFire    . . .     SeeInvis .   l - +0 short sword (drain)
rCold    . . .     Gourm    .   (no shield)
rNeg     . . .     Faith    .   (helmet restricted)
rPois    .         Spirit   .   (no amulet)
rElec    .         Reflect  .   (no ring)
rCorr    .         Harm     .   (no ring)
MR       .....                  (no ring)
Stlth    ..........             (no ring)
HPRegen  0.21/turn              (no ring)
MPRegen  0.12/turn              (no ring)
                                (no ring)
                                (no ring)

@: lethally poisoned (0 -> -8), very slightly contaminated, slowed, lost
dexterity, invisible, very slow
A: almost no armour, stealthy swim, amphibious, 8 rings, constrict 8, camouflage
1, weak 1, gelatinous body 1
a: Renounce Religion


You were on level 9 of the Dungeon.
You worshipped Xom.
You were a beloved toy of Xom.
You were very hungry.

You visited 1 branch of the dungeon, and saw 8 of its levels.

You collected 333 gold pieces.

Inventory:

Hand Weapons
 a - a +0 short sword of chaos
 h - a +0 dagger of venom
 l - a +0 short sword of draining (weapon)
 u - a +3 shortbow of flaming
Missiles
 p - 21 poisoned darts (quivered)
 v - 34 arrows
Wands
 x - a wand of acid (6)
 A - a wand of polymorph (5)
Scrolls
 d - a scroll of immolation
 k - 4 scrolls of teleportation {@r3}
 o - 3 scrolls of magic mapping
 s - 2 scrolls of enchant weapon
 t - 4 scrolls of amnesia {unknown}
 y - 4 scrolls of remove curse {@r2}
 z - a scroll of blinking {unknown}
 B - 2 scrolls of fear {unknown}
 C - 2 scrolls of identify {@r1}
Potions
 c - a potion of cancellation {unknown}
 e - 2 potions of flight
 f - a potion of haste
 g - 5 potions of curing {@q1}
 i - 3 potions of might {unknown}
 m - 2 potions of degeneration {unknown}
 n - a potion of mutation
 q - a potion of brilliance
 r - 2 potions of ambrosia {unknown}
Comestibles
 b - 6 rations


   Skills:
 - Level 9.2 Fighting
 - Level 3.0 Short Blades
 * Level 7.6 Dodging
 * Level 0.6 Spellcasting
 * Level 0.7 Summonings
 - Level 2.1 Evocations


You had 6 spell levels left.
You knew the following spells:

 Your Spells              Type           Power        Failure   Level  Hunger
a - Call Canine Familiar  Summ           #.......     52%         3    ####...

Your spell library contained the following spells:

 Spells                   Type           Power        Failure   Level  Hunger
 Summon Small Mammal      Summ           #...         21%         1    ##.....
 Call Imp                 Summ           #.......     30%         2    ###....
 Summon Guardian Golem    Hex/Summ       #.......     56%         3    ####...
 Summon Ice Beast         Ice/Summ       #.......     93%         4    #####..
 Summon Lightning Spire   Summ/Air       #.......     93%         4    #####..


Dungeon Overview and Level Annotations

Branches:
Dungeon (9/15)             Temple (0/1) D:4
   Lair: D:8-11         Orc: D:9-12

Altars:
Dithmenos
Elyvilon
Gozag
Qazlal
Sif Muna
Xom


Innate Abilities, Weirdness & Mutations

You cannot wear most types of armour.
You are very stealthy in the water. (Stealth+)
You are amphibious.
You can wear up to eight rings at the same time.
You can use your tentacles to constrict eight enemies at once.
Your skin changes colour to match your surroundings (Stealth+).
Your rubbery body absorbs attacks. (AC +1, EV +1)
You are weak. (Str -2)


Message History

The killer bee buzzes angrily.
Aiming: Corrosive Bolt
Aim: a killer bee (hasn't noticed you)
The bolt of acid hits the killer bee!
The killer bee is splashed with acid.
The acid corrodes the killer bee!
You kill the killer bee!
You feel your dexterity returning.
The bolt of acid misses the killer bee.
You feel sick.
The killer bee buzzes angrily.
You miss the killer bee. Your grab misses the killer bee.
You feel sick. The killer bee stings you! The killer bee stings you. x2
You are more poisoned.
The killer bee poisons you!
You miss the killer bee. You grab the killer bee. You constrict the killer bee.
You feel sick. The killer bee stings you!
* * * LOW HITPOINT WARNING * * *
The killer bee stings you.
* * * LOW HITPOINT WARNING * * *
The killer bee stings you.
You die...

####### ..##.## .#
......# ### .#.y. ##.#
......# #.. .!_. ...
......# #.## ... ..#
......# #.##.##y##..#
......######.##........#
......'...##.# #.....#
......###..'.#####.#####
......# ####....@y.#
......# #########
#######


You could see a killer bee.

Vanquished Creatures
  A blink frog (D:6)
  Sigmund (D:4)
  A water moccasin (D:3)
  An ice beast (D:5)
  A sky beast (D:5)
  2 ogres
  2 phantoms
  A centaur (D:3)
  A scorpion (D:4)
  A killer bee (D:9)
  A bullfrog zombie (D:6)
  A hound (D:6)
  2 quasits (D:9)
  A centaur zombie (D:5)
  An orc wizard (D:6)
  A centaur skeleton (D:9)
  A gnoll shaman (D:5)
  3 iguanas
  8 worker ants
  5 gnolls (D:5)
  5 adders
  2 shadow imps
  2 oozes
  2 adder zombies (D:5)
  2 adder skeletons
  4 worms
  3 dart slugs
  5 leopard geckos
  12 orcs
  2 ball pythons
  6 giant cockroaches
  9 hobgoblins
  11 jackals
  9 kobolds
  A quokka (D:4)
  11 bats
  8 frilled lizards
  10 goblins
  19 rats
159 creatures vanquished.

Vanquished Creatures (collateral kills)
  A hound (D:4)
  An orc (D:3)
2 creatures vanquished.

Vanquished Creatures (others)
  A slave (D:4)
  A water moccasin skeleton (D:4)
  A scorpion (D:4)
  An iguana (D:4)
  2 adders (D:4)
  A worm (D:4)
  A dart slug (D:1)
  2 orcs (D:4)
  A giant cockroach (D:1)
  A kobold (D:1)
  A quokka (D:4)
  A frilled lizard (D:4)
14 creatures vanquished.

Grand Total: 175 creatures vanquished

Notes
Turn   | Place    | Note
-------+----------+-------------------------------------------
     0 | D:1      | iamserjio the Octopode Chaos Knight began the quest for the
                  | Orb.
     0 | D:1      | Reached XP level 1. HP: 16/16 MP: 1/1
    24 | D:1      | XOM: harmless Conj miscast
    29 | D:1      | Reached XP level 2. HP: 8/21 MP: 2/2
   118 | D:1      | XOM: god gift: 16 stones
   423 | D:1      | Reached XP level 3. HP: 24/27 MP: 3/3
   441 | D:1      | XOM: scenery: create altars
   488 | D:1      | XOM: god gift: smoky grey potion {god gift}
   602 | D:1      | XOM: 1-stop teleportation journey
   709 | D:1      | XOM: give mutations
   709 | D:1      | Gained mutation: You are weak. (Str -2) [Xom's mischief]
   709 | D:1      | Gained mutation: Scrolls take you a little longer to read.
                  | [Xom's mischief]
   709 | D:1      | Lost mutation: Scrolls take you a little longer to read.
                  | [Xom's mischief]
   715 | D:1      | XOM: destruction
   752 | D:1      | XOM: 2-stop teleportation journey
   773 | D:1      | Reached skill level 4 in Fighting
  1020 | D:1      | XOM is BORED!
  1020 | D:1      | XOM: severe Necr miscast
  1308 | D:2      | XOM: harmless Summ miscast
  1317 | D:2      | XOM: harmless Air miscast
  1328 | D:2      | XOM: silly message
  1462 | D:2      | Reached XP level 4. HP: 33/33 MP: 4/4
  1533 | D:2      | Found a white marble altar of Elyvilon.
  1980 | D:2      | XOM: summons 2 hostile demons
  1981 | D:2      | Noticed a smoke demon
  1983 | D:2      | XOM: butterfly on damage
  2049 | D:2      | XOM: harmless Air miscast
  2547 | D:3      | XOM: enchant monster (good)
  2714 | D:3      | XOM: mild Summ miscast
  2794 | D:3      | Reached XP level 5. HP: 38/38 MP: 5/5
  2984 | D:3      | Reached skill level 5 in Fighting
  3050 | D:3      | Found a white marble altar of Elyvilon.
  3213 | D:3      | Noticed a centaur
  3216 | D:3      | XOM: butterfly on damage
  3221 | D:3      | Killed a centaur
  3221 | D:3      | Reached XP level 6. HP: 34/45 MP: 6/6
  3337 | D:3      | XOM: severe Conj miscast
  3518 | D:3      | XOM is BORED!
  3518 | D:3      | XOM: stat loss: -3 Str (7/10)
  3592 | D:4      | Noticed Sigmund
  3597 | D:4      | Noticed Pikel
  3600 | D:4      | Noticed Pikel
  3600 | D:4      | Pikel changed into Pikel the water moccasin
  3600 | D:4      | XOM: polymorph Pikel -> Pikel the water moccasin
  3600 | D:4      | Noticed a slave
  3600 | D:4      | Noticed a slave
  3600 | D:4      | Noticed a slave
  3609 | D:3      | Killed Pikel the water moccasin
  3609 | D:3      | Reached skill level 6 in Fighting
  3654 | D:3      | XOM: stat loss: -1 Dex (12/13)
  3766 | D:4      | Noticed a freed slave
  3778 | D:4      | XOM: divination: detect items
  3780 | D:4      | XOM: swap monsters
  3783 | D:4      | Killed Sigmund
  3783 | D:4      | Reached XP level 7. HP: 45/53 MP: 7/7
  3783 | D:4      | XOM: summons 5 friendly demons
  4132 | D:4      | Reached skill level 7 in Fighting
  4132 | D:4      | Reached skill level 5 in Dodging
  4262 | D:4      | XOM: blink monster(s)
  4284 | D:4      | XOM: confuse monster(s)
  4474 | D:4      | XOM: silly message
  4538 | D:4      | XOM: silly message
  4567 | D:4      | XOM: summons friendly crimson imp
  4732 | D:4      | XOM: polymorph crimson imp -> quasit
  4763 | D:4      | Found a staircase to the Ecumenical Temple.
  4816 | D:4      | XOM: noise
  5175 | D:5      | Entered Level 5 of the Dungeon
  5181 | D:5      | Reached XP level 8. HP: 49/61 MP: 8/8
  5297 | D:5      | XOM: severe Erth miscast
  5500 | D:5      | Reached skill level 8 in Fighting
  5777 | D:5      | Found a stormy altar of Qazlal.
  6107 | D:5      | XOM: medium Hex miscast
  6377 | D:6      | XOM: harmless Chrm miscast
  6380 | D:6      | XOM: butterfly on damage
  6382 | D:6      | XOM: summons 5 friendly demons
  6500 | D:6      | Found a shimmering blue altar of Sif Muna.
  6514 | D:6      | XOM: smoke on damage
  6515 | D:6      | Reached skill level 1 in Evocations
  6771 | D:6      | Found a shadowy altar of Dithmenos.
  6814 | D:6      | Noticed a hornet
  6814 | D:6      | an orc warrior changed into a hornet
  6815 | D:6      | Noticed a blink frog
  6815 | D:6      | a hornet changed into a blink frog
  6818 | D:6      | Killed a blink frog
  6818 | D:6      | Reached skill level 9 in Fighting
  6944 | D:6      | Reached XP level 9. HP: 65/68 MP: 10/10
  6978 | D:6      | XOM: polymorph quokka -> ball python
  7020 | D:6      | XOM: scenery: 1 doors open
  7026 | D:6      | XOM: cleaving
  7159 | D:6      | XOM: divination: detect items
  7664 | D:6      | You fall into a shaft and drop 2 floors!
  7664 | D:8      | Noticed a hornet
  7845 | D:9      | Learned a level 3 spell: Call Canine Familiar
  7861 | D:9      | Found an opulent altar of Gozag.
  7878 | D:9      | Lost dexterity.
  7880 | D:9      | XOM: enchant monster (good)
  7881 | D:9      | HP: 3/68 [quasit (1)]
  8065 | D:9      | Slain by a killer bee

Levels and vault maps discovered:
D:1:      erik_arrival_orb_chamber, layout_loops_ring
D:2:      layout_basic, elyvilon_altar_5
D:3:      layout_basic, old_standard_altar, first_ration, moated_statue
D:4:      layout_basic, temple_hall, minmay_joined_circles, uniq_sigmund,
          uniq_pikel
D:5:      layout_rooms, nicolae_qazlal_general_emergency
D:6:      layout_basic, nicolae_dithmenos_the_darkroom, kennysheep_little_box
D:8:      layout_cave_pools, uniq_erica
D:9:      layout_roguey, nicolae_overflow_crystal_walls, lair_entry_dummy,
          serial_shops, shop_statue

Skill      XL: |  1  2  3  4  5  6  7  8 |
---------------+-------------------------+-----
Fighting       | 4 5 6 7 9 |  9.2
Dodging        | 3 4 5 7 |  7.6
Evocations     | 2 |  2.1
Short Blades   | |  3.0
Spellcasting   | |  0.6
Summonings     | |  0.7

Action                   |  1- 3 |  4- 6 |  7- 9 || total
-------------------------+-------+-------+-------++-------
Melee: Short sword       |    75 |   105 |   265 ||   445
       Constrict         |    15 |    30 |    41 ||    86
       Tentacles         |     9 |    16 |    37 ||    62
Evoke: Wand              |       |       |     7 ||     7
  Use: Scroll            |     3 |     1 |     8 ||    12
       Potion            |       |       |     2 ||     2
 Stab: Sleeping          |    10 |     3 |     7 ||    20
       Confused          |       |     1 |       ||     1
  Eat: Chunk             |     2 |     6 |    10 ||    18
       Ration            |       |       |     1 ||     1
Armor: Skin              |     9 |    14 |    20 ||    43
Dodge: Dodged            |    39 |    90 |   185 ||   314

Table legend:
 A = Non-vault XP
 B = Vault XP
 C = Vault XP percentage of total XP
 D = Non-vault monster count
 E = Vault monster count
 F = Vault count percentage of total count
                 A         B        C        D         E       F
            +---------+---------+-------+---------+---------+-------
      Total |    2296 |     474 |  17.1 |     145 |      18 |  11.0
            +---------+---------+-------+---------+---------+-------
        D:1 |      44 |      12 |  21.4 |      29 |      12 |  29.3
        D:2 |      59 |       0 |   0.0 |      21 |       0 |   0.0
        D:3 |     214 |     151 |  41.4 |      36 |       1 |   2.7
        D:4 |     345 |     311 |  47.4 |      18 |       5 |  21.7
        D:5 |     616 |       0 |   0.0 |      17 |       0 |   0.0
        D:6 |     765 |       0 |   0.0 |      16 |       0 |   0.0
        D:9 |     253 |       0 |   0.0 |       8 |       0 |   0.0
            +---------+---------+-------+---------+---------+-------
